 Dungeon Crawl Stone Soup version 0.17-a0-1430-g49fde19 (webtiles) character file.

532 urechis the Sneak (level 7, -11/37 HPs)
             Began as a Vine Stalker Monk on June 25, 2015.
             Mangled by urechis's ghost (19 damage)
             ... on level 5 of the Dungeon.
             The game lasted 00:12:45 (4281 turns).

urechis the Sneak (Vine Stalker Monk)               Turns: 4281, Time: 00:12:45

Health: -11/37     AC:  3    Str: 13    XL:     7   Next: 24%
Magic:  0/8        EV: 13    Int: 10    God:
Gold:   144        SH:  0    Dex: 19    Spells: 0 memorised, 6 levels left

rFire  . . .     SeeInvis .       - Unarmed
rCold  + . .     Clarity  .     k - +0 leather armour
rNeg   . . .     SustAt   .     (no shield)
rPois  .         Gourm    .     (no helmet)
rElec  .         Spirit   +     (no cloak)
rCorr  .         Warding  .     (no gloves)
rMut   .         Stasis   .     (no boots)
MR     .....                    (no amulet)
Stlth  ++++......               (no ring)
                                o - ring of protection from cold

@: not resistant to hostile enchantments, stealthy
A: fangs 2, regeneration 2, magic shield, antimagic bite, no device heal 3, rot
immunity
a: no special abilities


You were on level 5 of the Dungeon.
You were not hungry.

You visited 1 branch of the dungeon, and saw 5 of its levels.

You collected 144 gold pieces.

Inventory:

Armour
 k - a +0 leather armour (worn)
Jewellery
 o - a ring of protection from cold (left hand)
Magical devices
 w - a wand of slowing (13)
 y - a wand of flame (20)
Scrolls
 a - 2 scrolls of blinking {unknown}
 e - a scroll of remove curse {unknown}
 g - 2 scrolls of fog {unknown}
 j - a scroll of random uselessness {unknown}
 r - a scroll of teleportation {unknown}
 t - a scroll of identify {unknown}
Potions
 c - a potion of mutation {unknown}
 h - a potion of lignification {unknown}
 i - a potion of haste
 l - a potion of berserk rage {unknown}
 p - a potion of degeneration {unknown}
 q - 2 potions of poison {unknown}
 s - a potion of magic {unknown}
 u - a potion of agility
 A - a potion of ambrosia {unknown}
Comestibles
 b - 3 bread rations
 f - a meat ration
 m - a royal jelly
 n - a chunk of flesh
 x - 2 fruits


   Skills:
 + Level 4.2 Fighting
 - Level 2.5 Dodging
 * Level 7.1 Stealth
 + Level 5.5 Unarmed Combat


You had 6 spell levels left.
You didn't know any spells.

Dungeon Overview and Level Annotations

Branches:
Dungeon (5/15)
 Temple: D:4-7

Altars:
Ashenzari
Kikubaaqudgha
Okawaru

Annotations:
D:4 Edmund
D:5 urechis's ghost, average TrMo


Innate Abilities, Weirdness & Mutations

You have extremely sharp teeth.
You heal very quickly.
When hurt, damage is shared between your health and your magic reserves.
Your bite disrupts and absorbs the magic of your enemies.
Potions and wands cannot restore your health.
You are immune to rotting.


Message History

Urechis's ghost closely misses you.
You barely miss urechis's ghost.
You punch urechis's ghost, but do no damage.
You bite urechis's ghost. You drain its power.
You feel invigorated.
Urechis's ghost is almost destroyed.
You completely miss urechis's ghost.
Urechis's ghost is almost destroyed.
Urechis's ghost hits you!!
* * * LOW HITPOINT WARNING * * *
You hit urechis's ghost.
Urechis's ghost is almost destroyed.
Urechis's ghost closely misses you.
Drink which item? (? for menu, Esc to quit)
Okay, then.
Found 11 gold pieces.
You closely miss urechis's ghost. Your bite misses urechis's ghost.
Urechis's ghost is almost destroyed.
Urechis's ghost hits you!!
Ouch! That really hurt!
You die...

..............( ..
###+##...........
..###...##...........
........##..†##....##
$.......##...###+####
...................#
#................#
#....W...........#
#...@##..........+
##....###+###....##
+.....##...##....#
##.<...#.........#
#.....+.........+
#....##.........#
#....##...##+####
#.)..##...#
#.........#


You could see urechis's ghost.

Vanquished Creatures
  An ogre (D:4)
  A scorpion (D:4)
  An orc priest (D:3)
  A hound (D:4)
  An orc wizard (D:4)
  A centaur skeleton (D:4)
  A hound skeleton (D:4)
  Robin (D:2)
  4 gnolls
  9 adders
  2 oozes
  3 worms
  11 orcs
  A ball python (D:3)
  A bat skeleton (D:4)
  3 giant cockroaches
  17 hobgoblins
  11 jackals
  A quokka (D:2)
  7 bats
  3 giant geckos
  6 giant newts
  17 goblins
  4 kobolds
  A quokka skeleton (D:4)
  11 rats
120 creatures vanquished.

Notes
Turn   | Place    | Note
--------------------------------------------------------------
     0 | D:1      | urechis the Vine Stalker Monk began the quest for the Orb.
     0 | D:1      | Reached XP level 1. HP: 11/11 MP: 2/2
   201 | D:1      | Reached XP level 2. HP: 10/16 MP: 3/3
   726 | D:1      | Reached XP level 3. HP: 14/19 MP: 4/4
  1165 | D:2      | Noticed Robin
  1167 | D:2      | Reached XP level 4. HP: 21/24 MP: 5/5
  1184 | D:2      | Killed Robin
  1610 | D:3      | Reached XP level 5. HP: 18/28 MP: 4/6
  1640 | D:3      | Found an iron altar of Okawaru.
  2149 | D:3      | Reached skill level 5 in Stealth
  2642 | D:4      | Noticed Edmund
  2767 | D:4      | Found a sand-covered staircase.
  2860 | D:4      | Noticed an ogre
  2869 | D:4      | Killed an ogre
  2869 | D:4      | Reached skill level 5 in Unarmed Combat
  2869 | D:4      | Gained mutation: You heal very quickly. [Vine Stalker growth]
  2869 | D:4      | Reached XP level 6. HP: 31/33 MP: 7/7
  2964 | D:4      | Reached skill level 6 in Stealth
  3124 | D:4      | Found an iron altar of Okawaru.
  3130 | D:4      | Found an ancient bone altar of Kikubaaqudgha.
  3150 | D:4      | Found a shattered altar of Ashenzari.
  3441 | D:3      | Reached XP level 7. HP: 22/37 MP: 5/8
  3532 | D:4      | Reached skill level 7 in Stealth
  4228 | D:5      | Entered Level 5 of the Dungeon
  4254 | D:5      | Noticed urechis's ghost (average TrMo)
  4281 | D:5      | Mangled by urechis's ghost

Vault maps used:
D:1:      lightli_molten_gateway
D:2:      uniq_robin
D:3:      first_bread, okawaru_trees_2
D:4:      minitemple, nicolae_ossuary_entry_monument, uniq_edmund
D:5:      minmay_temple_entry_overgrown, uniq_prince_ribbit1, uniq_sigmund

Action                   |  1- 3 |  4- 6 |  7- 9 || total
-------------------------+-------+-------+-------++-------
Melee: Unarmed           |    83 |   253 |    51 ||   387
Evoke: Wand              |       |     1 |       ||     1
  Use: Potion            |       |     2 |     1 ||     3
       Scroll            |       |       |     1 ||     1
 Stab: Sleeping          |    10 |    14 |     1 ||    25
       Distracted        |       |       |     2 ||     2
  Eat: Chunk             |       |     9 |     2 ||    11
